 Dungeon Crawl Stone Soup version 0.28.0-53-g5a82cb258f (webtiles) character file.

Game seed: 16151759662520749162

242 Zeld the Skirmisher (level 5, 0/48 HPs)
             Began as a Minotaur Berserker on June 10, 2022.
             Was a Believer of Trog.
             Succumbed to a scorpion's poison
             ... on level 4 of the Dungeon.
             The game lasted 00:02:15 (3056 turns).

Zeld the Skirmisher (Minotaur Berserker)            Turns: 3056, Time: 00:02:16

Health: 0/48       AC:  3    Str: 24    XL:     5   Next: 81%
Magic:  4/4        EV: 12    Int:  4    God:    Trog [**....]
Gold:   135        SH:  0    Dex:  9    Spells: 4/4 levels left

rFire   . . .      SeeInvis .   a - +0 hand axe
rCold   . . .      Faith    .   (no shield)
rNeg    . . .      Spirit   .   b - +0 animal skin
rPois   .          Reflect  .   (helmet restricted)
rElec   .          Harm     .   e - +0 cloak
rCorr   .          Rampage  .   (no gloves)
Will    ++...                   (no boots)
Stlth   +.........              (no amulet)
HPRegen 1.16/turn               (no ring)
MPRegen 0.09/turn               (no ring)

@: lethally poisoned (0 -> -1), strong-willed, regenerating
A: horns 2, retaliatory headbutt
a: Renounce Religion, Berserk, Trog's Hand


You were on level 4 of the Dungeon.
You worshipped Trog.
Trog was pleased with you.
You visited 2 branches of the dungeon, and saw 5 of its levels.

You collected 135 gold pieces.

Inventory:

Hand Weapons
 a - a +0 hand axe (weapon)
Armour
 b - a +0 animal skin (worn)
 e - a +0 cloak (worn)
Scrolls
 f - a scroll of fog {unknown}
 g - a scroll of holy word {unknown}
 j - a scroll of vulnerability {unknown}
 l - a scroll of amnesia {unknown}
 m - 2 scrolls of teleportation {unknown}
 n - a scroll of enchant weapon {unknown}
Potions
 c - 2 potions of curing {unknown}
 d - 2 potions of mutation {unknown}
 h - a potion of brilliance {unknown}
 i - 2 potions of resistance {unknown}
 k - 2 potions of attraction {unknown}


   Skills:
 * Level 5.4 Fighting
 * Level 5.4 Axes
 + Level 3.7 Armour
 + Level 3.3 Dodging


You had 4 spell levels left.
You didn't know any spells.
Your spell library was empty.

Dungeon Overview and Level Annotations

Branches:
Dungeon (4/15)             Temple (1/1) D:4

Altars:
Ashenzari
Cheibriados
Dithmenos
Elyvilon
Fedhas
Gozag
Hepliaklqana
Kikubaaqudgha
Makhleb
Nemelex Xobeh
Okawaru
Qazlal
Ru
Sif Muna
Trog
Uskayaw
Vehumet
Wu Jian
Xom
Yredelemnul
Zin
The Shining One


Innate Abilities, Weirdness & Mutations

You have a pair of horns on your head.
You reflexively headbutt those who attack you in melee.


Message History

A scorpion comes into view.
A scorpion is nearby!
A scorpion is nearby!
You barely miss the scorpion. The scorpion stings you!
You slash the scorpion!
The scorpion is heavily wounded.
The scorpion stings you.
You are poisoned.
The scorpion poisons you!
You barely miss the scorpion.
The scorpion is heavily wounded.
You feel very sick. The scorpion barely misses you. You furiously retaliate!
You headbutt the scorpion. You hit the scorpion but do no damage.
The scorpion is heavily wounded.
You feel sick. The scorpion stings you!
You are more poisoned.
The scorpion poisons you!
You barely miss the scorpion. You punch the scorpion.
The scorpion is severely wounded.
You feel very sick. The scorpion completely misses you.
The scorpion stings you!
* * * LOW HITPOINT WARNING * * *
You hit the scorpion but do no damage. You headbutt the scorpion.
The scorpion is almost dead.
* * * LOW HITPOINT WARNING * * *
You feel very sick. The scorpion stings you.
* * * LOW HITPOINT WARNING * * *
Unknown command.
Your skin crawls.
You feel strong-willed.
* * * LOW HITPOINT WARNING * * *
You feel very sick.
The scorpion stings you but does no damage.
Unknown command.
* * * LOW HITPOINT WARNING * * *
You feel sick.
You die...

###########...####
.................+
###########...####
...# #........# ##.#
#.#.#.###.# ### ##.#
.. ##...##.####...
##.##.##.#.##.##.#...#
##.##
#........#...#..# ##.#
#.###.##@.s.....# ...#
#.....>...........
####
#####.##........##
#.##.#.....".#
#.##(.........
..########.### ### .#
#


You could see a scorpion.

Vanquished Creatures
  An ogre (D:4)
  A water moccasin skeleton (D:4)
  Crazy Yiuf (D:2)
  An adder (D:3)
  An adder skeleton (D:4)
  2 worms
  2 dart slugs
  4 orcs
  3 endoplasms
  A giant cockroach (D:1)
  9 hobgoblins
  4 kobolds
  4 quokkas
  9 ball pythons
  3 bats
  A frilled lizard (D:3)
  3 goblins
  9 rats
59 creatures vanquished.

Vanquished Creatures (others)
  2 plants (D:3)
2 creatures vanquished.

Grand Total: 61 creatures vanquished

Notes
Turn   | Place    | Note
-------+----------+-------------------------------------------
     0 | D:1      | Zeld the Minotaur Berserker began the quest for the Orb.
     0 | D:1      | Reached XP level 1. HP: 19/19 MP: 0/0
   405 | D:1      | Reached XP level 2. HP: 27/27 MP: 1/1
   908 | D:2      | Found a runed translucent door.
   909 | D:2      | Noticed Crazy Yiuf
   917 | D:2      | Killed Crazy Yiuf
   918 | D:2      | Reached XP level 3. HP: 29/33 MP: 2/2
  1711 | D:3      | Reached XP level 4. HP: 41/41 MP: 3/3
  1740 | D:3      | Reached ** piety under Trog
  1748 | D:3      | Found a faded altar of an unknown god.
  1909 | D:3      | Found a snail-covered altar of Cheibriados.
  1923 | D:3      | Found a sparkling altar of Nemelex Xobeh.
  1955 | D:3      | Found a radiant altar of Vehumet.
  1957 | D:3      | Found a broken altar of Ashenzari.
  1958 | D:3      | Found a blossoming altar of Fedhas.
  1958 | D:3      | Found a glowing golden altar of the Shining One.
  2649 | D:4      | Noticed an ogre
  2654 | D:4      | Killed an ogre
  2655 | D:4      | Reached skill level 5 in Fighting
  2655 | D:4      | Reached skill level 5 in Axes
  2655 | D:4      | Reached XP level 5. HP: 48/48 MP: 4/4
  2705 | D:4      | Found a staircase to the Ecumenical Temple.
  2740 | Temple   | Entered the Ecumenical Temple
  3054 | D:4      | HP: 2/48 [poisoned by a scorpion]
  3056 | D:4      | Succumbed to a scorpion's poison

Illustrated notes

Levels and vault maps discovered:
D:1:      lordsloth_arrival_two_stooges, layout_basic
D:2:      layout_basic, minmay_misc_feat_tower, uniq_crazy_yiuf_cottage
D:3:      layout_basic, grunt_temple_overflow_open, serial_curves,
          eino_curves_03, eino_curves_01, shapermc_ecumenical_altar_hornbeckon
D:4:      layout_loops_corners, serial_shops, kennysheep_little_box,
          nrook_loot_triangle
Temple:   lightli_temple_of_artemis

Skill      XL: |  1  2  3  4 |
---------------+-------------+-----
Axes           | 4 5 |  5.4
Fighting       | 4 5 |  5.4
Armour         | 3 |  3.7
Dodging        | 3 |  3.3

Action                   |  1- 3 |  4- 6 || total
-------------------------+-------+-------++-------
Melee: Hand axe          |    56 |    68 ||   124
       Headbutt          |    10 |    12 ||    22
       Punch             |       |     1 ||     1
Invok: Berserk           |     1 |       ||     1
       Trog's Hand       |       |     1 ||     1
 Stab: Sleeping          |     1 |       ||     1
Armor: Animal skin       |     9 |     9 ||    18
Dodge: Dodged            |    46 |    38 ||    84
